 Dungeon Crawl Stone Soup version 0.30.0 (webtiles) character file.

Game seed: 511231244752720104

14594 PurpleRed the Thaumaturge (level 11, -9/63 HPs)
             Began as a Deep Elf Fire Elementalist on May 17, 2023.
             Was a High Priest of Vehumet.
             Blown up by a vampire (12 damage)
             ... with a mindburst bolt
             ... on level 12 of the Dungeon.
             The game lasted 00:58:42 (4711 turns).

PurpleRed the Thaumaturge (DEFE)                    Turns: 4711, Time: 00:58:43

Health: -9/63      AC:  8    Str:  5    XL:     11   Next: 90%
Magic:  26/30      EV: 13    Int: 34    God:    Vehumet [*****.]
Gold:   716        SH:  0    Dex: 15    Spells: 24/36 levels left

rFire   + . .        a - staff of fire
rCold   . . .        (no shield)
rNeg    . . .        m - +0 troll leather armour
rPois   .            z - +0 helmet of a bazaar {Int+3}
rElec   .            w - +1 cloak
rCorr   .            (no gloves)
SInv    .            O - +0 pair of boots
Will    +....        (no amulet)
Stlth   ++           e - +6 ring of intelligence
HPRegen 1.10/turn    (no ring)
MPRegen 0.22/turn

%: no passive effects
@: no status effects
A: no striking features
a: Renounce Religion


You were on level 12 of the Dungeon.
You worshipped Vehumet.
Vehumet was extremely pleased with you.
You visited 2 branches of the dungeon, and saw 13 of its levels.

You collected 716 gold pieces.

Inventory:

Hand Weapons
 b - a +8 quarterstaff of venom
 c - the +4 broad axe of the Snake Pit {venom, +Blink rPois Will++ MP-9}
   (You found it on level 6 of the Dungeon)

   rPois:     It protects you from poison.
   MP:        It affects your magic capacity (-9).
   +Blink:    It lets you blink.
   Will:      It greatly increases your willpower.
 h - a +5 morningstar of freezing
 i - a +0 battleaxe
 n - a +2 short sword of freezing
 x - a +2 hammer of holy wrath
 E - a +1 dagger of speed
 I - a +3 short sword
 K - a +1 shortbow of flaming
 L - a +1 dagger of electrocution
Missiles
 D - 20 boomerangs
 F - 16 poisoned darts
 J - 6 atropa-tipped darts
 P - a curare-tipped dart
Armour
 g - a +0 robe of cold resistance
 m - a +0 troll leather armour (worn)
 r - a +1 hat of see invisible
 w - a +1 cloak (worn)
 y - a +0 buckler
 z - the +0 helmet of a bazaar (worn) {Int+3}
   (You took it off Robin on level 3 of the Dungeon)

   Int:       It affects your intelligence (+3).
 C - +0 acid dragon scales
 N - a +1 robe of willpower
 O - a +0 pair of boots (worn)
 R - a +2 helmet
Magical Staves
 a - a staff of fire (weapon)
 S - a staff of air
Jewellery
 e - a +6 ring of intelligence (left hand)
 l - a ring of positive energy
 A - a ring of wizardry
Wands
 d - a wand of flame (13)
 q - a wand of quicksilver (3)
 M - a wand of charming (6)
Scrolls
 k - a scroll of vulnerability
 p - a scroll of blinking
 t - a scroll of magic mapping
 B - a scroll of immolation
 G - 2 scrolls of teleportation
 T - 2 scrolls of poison {unknown}
Potions
 f - a potion of cancellation
 j - 3 potions of mutation
 o - 3 potions of might
 u - 2 potions of brilliance
 v - 4 potions of magic
 H - 4 potions of resistance
 Q - 2 potions of flight
 U - a potion of lignification {unknown}


   Skills:
 - Level 5.0 Fighting
 - Level 4.0 Staves
 - Level 6.0 Dodging
 - Level 2.4 Stealth
 + Level 13.1 Spellcasting
 + Level 11.0 Conjurations
 - Level 4.0 Hexes
 + Level 11.2 Fire Magic


You had 24 spell levels left.
You knew the following spells:

 Your Spells              Type           Power      Damage    Failure   Level
b - Scorch                Fire           100%       2d9       1%          2
c - Searing Ray           Conj           100%       2d8       1%          2
d - Flame Wave            Conj/Fire      99%        2d21      1%          4
e - Fulminant Prism       Conj/Hex       32%        3d16      1%          4

Your spell library contained the following spells:

 Spells                   Type           Power      Damage    Failure   Level
 Yara's Violent Unravell  Hex/Tmut       17%        3d8       11%         5
 Foxfire                  Conj/Fire      100%       2x1d9     1%          1
 Magic Dart               Conj           100%       1d8       1%          1
 Inner Flame              Hex/Fire       84%        N/A       1%          3
 Volatile Blastmotes      Fire/Tloc      100%       2d18      1%          3
 Beastly Appendage        Tmut           44%        N/A       3%          1
 Wereblood                Tmut           22%        N/A       4%          2
 Cause Fear               Hex            24%        N/A       6%          4
 Spider Form              Tmut/Pois      22%        N/A       10%         3
 Anguish                  Hex/Necr       17%        N/A       14%         4
 Enfeeble                 Hex            24%        N/A       99%         7


Dungeon Overview and Level Annotations

Branches:
Dungeon (12/15)            Temple (1/1) D:5            Lair (0/5) D:11
    Orc (0/2) D:11

Altars:
Cheibriados
Dithmenos
Elyvilon
Fedhas
Gozag
Hepliaklqana
Kikubaaqudgha
Makhleb
Nemelex Xobeh
Qazlal
Ru
Trog
Uskayaw
Vehumet
Wu Jian
Xom
Yredelemnul
Zin
The Shining One

Annotations:
D:3 Terence
D:5 1 runed translucent door, Blaizen's ghost, novice NaTm
D:10 2 transporters


Message History

Vehumet accepts your kill.
You feel your power returning.
The flame wave engulfs the cyclops!
The cyclops is almost dead.
The vampire gestures wildly while chanting.
The vampire flickers and vanishes!
Deactivating autopickup; reactivate with Ctrl-A.
A wave of flame ripples out!
The flame wave engulfs the large slime creature!!
The large slime creature is almost dead.
The flame wave engulfs the cyclops!
You kill the cyclops!
Vehumet accepts your kill.
You feel your power returning.
The flame wave engulfs the troll!!
The troll is almost dead.
Your Spellcasting skill increases to level 13!
A wave of flame ripples out!
The flame wave engulfs the large slime creature!!
You kill the large slime creature!
Vehumet accepts your kill.
You feel your power returning.
The flame wave engulfs the troll!
You kill the troll!
Vehumet accepts your kill.
The flame wave engulfs the gargoyle!
The gargoyle is moderately damaged.
You finish channelling waves of flame.
The gargoyle hurls a stone arrow at you.
The stone arrow hits you!!
* * * LOW HITPOINT WARNING * * *
You hear a zap.
Something tries to affect you, but you resist.
Training target 4.0 for Staves reached!
Your Staves skill increases to level 4!
Your Conjurations skill increases to level 11!
You feel better.
The gargoyle hurls a stone arrow at you.
The stone arrow hits you!
* * * LOW HITPOINT WARNING * * *
You hear a zap.
Your mind is blasted!
You die...

..T
....#################
.........)......<...?
......{..............
.>.!...9..(@.........
....#################
... .. .


You could see a gargoyle.

Vanquished Creatures
  Gastronok (D:10)
  A two-headed ogre (D:10)
  Erica (D:8)
  Pikel (D:9)
  A manticore (D:11)
  2 cyclopes
  Joseph (D:9)
  A gargoyle (D:12)
  A komodo dragon (D:11)
  3 trolls
  4 slime creatures (D:12)
  13 yaks
  A wraith (D:11)
  A shadow (D:12)
  10 vampire mosquitoes
  Menkaure (D:5)
  5 water moccasins
  3 acid dragons
  Duvessa (D:6)
  An orc warrior (D:11)
  4 sky beasts
  2 black bears
  2 ogres (D:6)
  A centaur (D:5)
  2 kobold brigands
  4 lemures (D:9)
  A phantom (D:5)
  7 scorpions
  2 gnoll sergeants
  5 bullfrogs
  13 wights
  Dowan (D:6)
  A howler monkey (D:6)
  A jelly (Temple)
  7 hounds
  Crazy Yiuf (D:3)
  7 orc priests
  4 sleepcaps
  Ijyb (D:5)
  5 iguanas
  Natasha (D:3)
  10 orc wizards
  Robin (D:3)
  8 gnolls
  4 adders
  2 white imps
  An ufetubus (D:7)
  4 worms
  53 orcs
  4 ball pythons
  5 bats
  4 endoplasms
  6 giant cockroaches
  15 goblins
  11 hobgoblins
  4 jackals (D:1)
  3 quokkas
  3 frilled lizards
  19 kobolds
  A rat (D:2)
283 creatures vanquished.

Vanquished Creatures (others)
  56 foxfires
  71 fulminant prisms
  34 fungi (D:11)
  27 plants (D:11)
188 creatures vanquished.

Grand Total: 471 creatures vanquished

Notes
Turn   | Place    | Note
-------+----------+-------------------------------------------
     0 | D:1      | PurpleRed the Deep Elf Fire Elementalist began the quest
                  | for the Orb.
     0 | D:1      | Reached XP level 1. HP: 10/10 MP: 6/6
    89 | D:1      | Reached XP level 2. HP: 15/15 MP: 4/8
    92 | D:1      | Learned a level 2 spell: Scorch
   312 | D:2      | Reached XP level 3. HP: 19/19 MP: 6/10
   329 | D:2      | Reached skill level 4 in Spellcasting
   377 | D:1      | Noticed a great orb of eyes
   381 | D:1      | Found a faded altar of an unknown god.
   383 | D:1      | Noticed a golden eye
   392 | D:1      | Noticed a golden eye
   392 | D:1      | Noticed a golden eye
   522 | D:3      | Identified the +0 helmet of a bazaar {Int+3}
   522 | D:3      | Noticed Robin
   605 | D:2      | Learned a level 2 spell: Searing Ray
   678 | D:3      | Noticed Natasha
   685 | D:3      | Killed Natasha
   686 | D:3      | Reached XP level 4. HP: 10/24 MP: 1/12
   839 | D:3      | Found a runed translucent door.
   840 | D:3      | Noticed Crazy Yiuf
   847 | D:3      | Killed Crazy Yiuf
   922 | D:3      | Noticed Terence
  1014 | D:3      | Learned a level 4 spell: Flame Wave
  1026 | D:3      | Reached XP level 5. HP: 23/28 MP: 11/14
  1032 | D:3      | Killed Robin
  1100 | D:3      | Reached skill level 5 in Spellcasting
  1230 | D:4      | Learned a level 4 spell: Fulminant Prism
  1313 | D:4      | Found a stormy altar of Qazlal.
  1313 | D:4      | Noticed a sky beast
  1333 | D:4      | Killed a sky beast
  1334 | D:4      | Reached skill level 1 in Hexes
  1334 | D:4      | Reached skill level 5 in Fire Magic
  1334 | D:4      | Reached XP level 6. HP: 32/32 MP: 4/16
  1496 | D:5      | Entered Level 5 of the Dungeon
  1496 | D:5      | Found a staircase to the Ecumenical Temple.
  1513 | D:5      | Reached skill level 5 in Conjurations
  1548 | D:5      | Reached XP level 7. HP: 36/36 MP: 10/17
  1551 | D:5      | Noticed Menkaure
  1554 | D:5      | Noticed Ijyb
  1557 | D:5      | Killed Menkaure
  1558 | D:5      | Reached skill level 6 in Spellcasting
  1559 | Temple   | Entered the Ecumenical Temple
  1579 | Temple   | Became a worshipper of Vehumet
  1833 | D:5      | Reached skill level 7 in Spellcasting
  1833 | D:5      | Reached XP level 8. HP: 41/41 MP: 15/20
  1851 | D:5      | Killed Ijyb
  1980 | D:6      | Identified a scroll of acquirement
  2034 | D:5      | Found a runed translucent door.
  2034 | D:5      | Noticed Blaizen's ghost (novice NaTm)
  2230 | D:6      | Reached * piety under Vehumet
  2230 | D:6      | Offered knowledge of Shock by Vehumet.
  2262 | D:6      | Reached skill level 1 in Fighting
  2262 | D:6      | Reached skill level 8 in Spellcasting
  2467 | D:6      | Noticed Dowan
  2467 | D:6      | Noticed Duvessa
  2476 | D:6      | Killed Duvessa
  2477 | D:6      | Reached XP level 9. HP: 43/48 MP: 12/23
  2477 | D:6      | Killed Dowan
  2546 | D:5      | Found a hazy altar of Hepliaklqana.
  2640 | D:6      | Identified the +4 broad axe of the Snake Pit {venom, +Blink
                  | rPois Will++ MP-9}
  2663 | D:7      | Acquired a staff of fire
  2973 | D:8      | Found a sparkling altar of Nemelex Xobeh.
  3029 | D:8      | Reached skill level 9 in Spellcasting
  3048 | D:8      | Reached ** piety under Vehumet
  3048 | D:8      | Offered knowledge of Static Discharge by Vehumet.
  3049 | D:8      | Reached skill level 5 in Dodging
  3256 | D:8      | Noticed Erica
  3270 | D:8      | Killed Erica
  3369 | D:9      | Noticed Pikel
  3442 | D:9      | Reached XP level 10. HP: 56/56 MP: 20/25
  3485 | D:9      | Reached skill level 10 in Spellcasting
  3489 | D:9      | Offered knowledge of Dazzling Flash by Vehumet.
  3511 | D:9      | Noticed Joseph
  3531 | D:9      | Killed Joseph
  3621 | D:9      | Reached skill level 10 in Conjurations
  3634 | D:9      | Reached skill level 11 in Spellcasting
  3753 | D:9      | Found a hide-covered altar of Uskayaw.
  3759 | D:10     | Entered Level 10 of the Dungeon
  3759 | D:10     | Found a transporter.
  3759 | D:10     | Found a transporter.
  3788 | D:9      | Killed Pikel
  3804 | D:9      | Reached *** piety under Vehumet
  3922 | D:10     | Noticed a two-headed ogre
  3928 | D:10     | Killed a two-headed ogre
  3929 | D:10     | Reached skill level 12 in Spellcasting
  3930 | D:10     | Noticed a cyclops
  3946 | D:10     | Killed a cyclops
  3947 | D:10     | Reached skill level 10 in Fire Magic
  4065 | D:10     | Reached XP level 11. HP: 49/61 MP: 25/29
  4080 | D:11     | Offered knowledge of Mephitic Cloud by Vehumet.
  4090 | D:11     | Reached skill level 1 in Staves
  4095 | D:11     | Found a staircase to the Orcish Mines.
  4097 | D:11     | Reached **** piety under Vehumet
  4168 | D:10     | Noticed Gastronok
  4237 | D:10     | Killed Gastronok
  4245 | D:10     | Offered knowledge of Yara's Violent Unravelling by Vehumet.
  4463 | D:11     | Found a staircase to the Lair.
  4688 | D:12     | Reached skill level 5 in Fighting
  4710 | D:12     | Reached skill level 13 in Spellcasting
  4710 | D:12     | Reached ***** piety under Vehumet
  4711 | D:12     | HP: 3/63 [gargoyle/stone arrow (11)]
  4711 | D:12     | Blown up by a vampire

Illustrated notes

Levels and vault maps discovered:
D:1:      lemuel_arrival_cross, layout_basic,
          hellmonk_ecumenical_altar_watching_god
D:2:      layout_rooms
D:3:      layout_loops_ring, nicolae_elevator_lobby_plus, uniq_terence,
          uniq_crazy_yiuf_cottage, uniq_natasha, uniq_robin
D:4:      layout_basic, nicolae_qazlal_beasts_of_the_sky
D:5:      layout_rooms, mainiacjoe_overflow_tiny_flanked, temple_pool_b,
          hellmonk_ghost_happy_afterlife, kennysheep_generic_room_10,
          uniq_menkaure, uniq_ijyb
D:6:      layout_layer_cave, grunt_decor_arrowhead, uniq_duvessa
D:7:      layout_basic, nicolae_ashenzari_skybound
D:8:      layout_cave_pods, general_overflow_altar, minmay_misc_feat_x,
          uniq_erica
D:9:      layout_stronghold, nicolae_uskayaw_murder_on_the_dancefloor,
          uniq_pikel, uniq_joseph
D:10:     layout_rooms, nicolae_diode_stairs, uniq_gastronok
D:11:     layout_roguey, due_lair_maze_entry_diamond, hiddenorc2_lemuel
D:12:     layout_cross, uniq_maurice
Temple:   nicolae_temple_bog_church

Skill      XL: |  1  2  3  4  5  6  7  8  9 10 11 |
---------------+----------------------------------+-----
Fire Magic     | 4 5 7 10 11 | 11.2
Spellcasting   | 4 5 7 8 9 12 13 | 13.1
Conjurations   | 2 3 4 5 7 8 9 10 11 | 11.0
Hexes          | 1 2 3 4 |  4.0
Fighting       | 2 3 4 5 |  5.0
Dodging        | 4 5 6 |  6.0
Staves         | 4 |  4.0
Stealth        | |  2.4

Action                     |  1- 3 |  4- 6 |  7- 9 | 10-12 || total
---------------------------+-------+-------+-------+-------++-------
  Melee: Whip              |    14 |       |       |       ||    14
         Hand axe          |    18 |     4 |       |       ||    22
         Quarterstaff      |       |    49 |    42 |    16 ||   107
         Staff             |       |       |     3 |     5 ||     8
  Throw: Boomerang         |       |       |     1 |       ||     1
   Cast: Foxfire           |    37 |     1 |     1 |       ||    39
         Scorch            |     5 |    28 |    40 |     4 ||    77
         Searing Ray       |     1 |       |     5 |     2 ||     8
         Flame Wave        |       |     2 |     4 |    26 ||    32
         Fulminant Prism   |       |       |    31 |    40 ||    71
  Evoke: Wand              |       |       |     4 |     8 ||    12
    Use: Scroll            |       |       |    16 |     8 ||    24
         Potion            |       |       |     2 |     1 ||     3
   Stab: Distracted        |       |     1 |       |       ||     1
 Armour: Robe              |    11 |    11 |    19 |     2 ||    43
         Troll leather arm |       |       |       |    20 ||    20
  Dodge: Dodged            |    39 |    46 |    61 |    62 ||   208
